[Event "*** Titled Tuesday Blitz"]
[Site "Chess.com"]
[Date "2019.11.05"]
[Round "1"]
[White "Bishops83"]
[Black "sandropozo"]
[Result "0-1"]
[WhiteElo "2281"]
[BlackElo "2641"]
[TimeControl "180+2"]
[EndTime "13:06:09 PST"]
[Termination "sandropozo won by resignation"]

1. e4 e6 2. d4 d5 3. Nc3 Bb4 4. exd5 exd5 5. Bd3 Ne7 6. Qh5 c5 7. dxc5 Nd7 8. Ne2 Nxc5 9. a3 Bxc3+ 10. Nxc3 Nxd3+ 11. cxd3 Bf5 12. O-O O-O 13. d4 Qd7 14. Re1 Rfe8 15.
Bg5 Ng6 16. Qf3 h6 17. Bd2 Be6 18. Rac1 Rac8 19. Bf4 Rc4 20. Be3 Rec8 21. h3 Nh4 22. Qd1 Bxh3 23. Qh5 Nxg2 0-1

[Event "*** Titled Tuesday Blitz"]
[Site "Chess.com"]
[Date "2019.11.05"]
[Round "1"]
[White "esskeettit"]
[Black "chito89"]
[Result "1/2-1/2"]
[WhiteElo "2410"]
[BlackElo "2740"]
[TimeControl "180+2"]
[EndTime "13:06:18 PST"]
[Termination "Game drawn by repetition"]

1. d4 Nf6 2. c4 e6 3. Nc3 Bb4 4. e3 O-O 5. Bd3 c5 6. Ne2 b6 7. a3 Ba5 8. Rb1 Qe7 9. d5 exd5 10. cxd5 Nxd5 11. Bxh7+ Kxh7 12. Qxd5 Nc6 13. O-O Ba6 14. Rd1 f5 15. Nf4 Rad8 16. Bd2 Ne5 17. Nce2 Bc4 18. Qb7 Bxd2 19. Rxd2 Nc6 20. Rbd1 Qf6 21. Rxd7 Rxd7 22. Rxd7 Qxb2 23. h4 Rd8 24. Qxc6 Rxd7 25. Qxd7 Bxe2 26.
Qxf5+ Kg8 27. Qe6+ Kh7 28. Qg6+ Kg8 29. Qe8+ Kh7 30. Qg6+ Kh8 31. Qe8+ Kh7 32. Qg6+ 1/2-1/2

[Event "*** Titled Tuesday Blitz"]
[Site "Chess.com"]
[Date "2019.11.05"]
[Round "1"]
[White "Macron20hTF1"]
[Black "nailbeshirli"]
[Result "0-1"]
[WhiteElo "2263"]
[BlackElo "2625"]
[TimeControl "180+2"]
[EndTime "13:06:22 PST"]
[Termination "nailbeshirli won by resignation"]

1. g3 d5 2. Bg2 c6 3. d3 Nf6 4. f4 h5 5. Nf3 g6 6. O-O Bg7 7. Nc3 Bg4 8. h3 Bxf3 9. Bxf3 Nbd7 10. e4 dxe4 11. dxe4 e5 12. Be3 Qc7 13. a4 O-O-O 14.
Qe2 h4 15. fxe5 Qxe5 16. Bxa7 Qxg3+ 17. Bg2 Nh5 18. Qf2 Be5 19. Qxg3 hxg3 20. Rxf7 Nf4 21. a5 Nxh3+ 22. Bxh3 Rxh3 23. a6 bxa6 24. Rxa6 Rdh8 25.
Rxc6+ Kb7 26. Rxg6 Rh1+ 27. Kg2 R8h2+ 28. Kf3 Rf1+ 29.
Kg4 Rxf7 30. Bg1 Rf4+ 31. Kxg3 Rf7+ 0-1

[Event "*** Titled Tuesday Blitz"]
[Site "Chess.com"]
[Date "2019.11.05"]
[Round "1"]
[White "GHANDEEVAM2003"]
[Black "SONOFHOLYGOD"]
[Result "1-0"]
[WhiteElo "3002"]
[BlackElo "2518"]
[TimeControl "180+2"]
[EndTime "13:06:26 PST"]
[Termination "GHANDEEVAM2003 won by resignation"]

1. d4 Nf6 2. Bg5 e6 3. e4 h6 4. Bxf6 Qxf6 5. Nf3 c5 6. e5 Qd8 7. d5 exd5 8. Qxd5 Be7 9. Nc3 O-O 10. O-O-O a6 11. h4 Nc6 12. Qe4 Re8 13. Bd3 g6 14.
h5 Bg5+ 15. Kb1 d6 16. hxg6 f5 17. Qd5+ Be6 18. Qxd6 Qa5 19. Nxg5 Rad8 20. Qxe6+ Rxe6 21. Nxe6 Re8 22. Bxf5 Nxe5 23. Nd5 Rxe6 24. Bxe6+ Kg7 25. Nf4 Nxg6 26. Rd7+ Kf6 27. Rf7+ Ke5 28. Rf5+ Kd6 29. Rd1+ Kc7 30. Nxg6 Qb4 31. a3 Qa4 32. Rxc5+ Kb8 33. f4 h5 34. Rxh5 Qe4 35. f5 Qe2 36. Rhh1 a5 37.
Rhf1 a4 38. Ba2 Qg4 39. f6 1-0

[Event "*** Titled Tuesday Blitz"]
[Site "Chess.com"]
[Date "2019.11.05"]
[Round "1"]
[White "Gubajdullin"]
[Black "Ceejay271"]
[Result "1-0"]
[WhiteElo "2617"]
[BlackElo "2254"]
[TimeControl "180+2"]
[EndTime "13:06:26 PST"]
[Termination "Gubajdullin won by resignation"]

1. Nf3 d5 2. d3 Nf6 3. g3 c5 4. Bg2 Nc6 5. O-O e6 6. c3 g6 7. a4 Bg7 8. Na3 O-O 9. Bf4 a6 10. Ne5 Nd7 11. Nxc6 bxc6 12. Nc2 e5 13. Be3 a5 14. Ra2 Rb8 15. Na1 Qc7 16. Nb3 Qb6 17. Nd2 d4 18. Nc4 Qc7 19. Bg5 Re8 20. Qd2 Ba6 21.
Na3 Rb3 22. Nc2 Reb8 23. Na1 R3b7 24. c4 Re8 25. Rb1 Rbb8 26. Qe1 Ra8 27. Bd2 Bc8 28. Nb3 Qb6 29. Nxa5 Nb8 30. b4 Bf5 31. b5 e4 32.
bxc6 Qc7 33. Rb7 Qd6 34. dxe4 Bxe4 35. c7 Nc6 36. Bxe4 Nxa5 37. Bxa5 Rxe4 38. Rab2 Rc8 39.
Rb8 Ree8 40. Rxc8 Rxc8 41. Qb1 Be5 42. Rb8 1-0

[Event "*** Titled Tuesday Blitz"]
[Site "Chess.com"]
[Date "2019.11.05"]
[Round "1"]
[White "RoelandPruijssers"]
[Black "Godzillator"]
[Result "1-0"]
[WhiteElo "2641"]
[BlackElo "2290"]
[TimeControl "180+2"]
[EndTime "13:06:28 PST"]
[Termination "RoelandPruijssers won by resignation"]

1. e4 c6 2. d4 d5 3. exd5 cxd5 4. Nf3 Nc6 5. Ne5 a6 6. c3 Nf6 7.
Bd3 e6 8. O-O Be7 9. Qe2 Nxe5 10. dxe5 Nd7 11. Nd2 Qc7 12. Nf3 Nc5 13. Bc2 b6 14.
Bg5 h6 15. Bxe7 Qxe7 16. Nd4 Bb7 17. f4 g6 18. Qe3 h5 19. Rae1 a5 20. Nb5 Ba6 21.
Nd6+ Kf8 22. Rf2 Nb7 23. Qxb6 Nxd6 24. exd6 Qd7 25. Qd4 Kg8 26. Qf6 Rh7 27. f5 exf5 28. Re7 Qc6 29. Qe5 Rd8 30. d7 Bb5 31. a4 f6 32. Re8+ Rxe8 33. Qxe8+ Kg7 34. axb5 Qxb5 35. d8=Q Kh6 36. Qxb5 1-0

[Event "*** Titled Tuesday Blitz"]
[Site "Chess.com"]
[Date "2019.11.05"]
[Round "1"]
[White "AtabayevSaparmyrat"]
[Black "Walter_White_Poland"]
[Result "1-0"]
[WhiteElo "2643"]
[BlackElo "2291"]
[TimeControl "180+2"]
[EndTime "13:06:30 PST"]
[Termination "AtabayevSaparmyrat won by resignation"]

1. e4 e5 2. Nf3 Nc6 3. Bb5 a6 4.
Ba4 Nf6 5. O-O b5 6. Bb3 Be7 7. Re1 d6 8. h3 Na5 9. c3 Nxb3 10.
axb3 O-O 11. b4 Bb7 12. d3 c6 13. Nbd2 a5 14. bxa5 Rxa5 15. Rxa5 Qxa5 16. b4 Qa2 17. Nb3 Bd8 18. Bg5 h6 19. Bxf6 Bxf6 20. Na5 Ba8 21. Qb3 Qxb3 22. Nxb3 Bb7 23. Na5 Ba8 24. Ra1 c5 25.
bxc5 dxc5 26. c4 b4 27. Nb3 Be7 28. Nxe5 Bf6 29. f4 g5 30. Ra6 Bxe5 31. fxe5 Rd8 32. Nxc5 Rb8 33. Nb3 Rd8 34. Kf2 Kg7 35. Ke3 1-0

[Event "*** Titled Tuesday Blitz"]
[Site "Chess.com"]
[Date "2019.11.05"]
[Round "1"]
[White "snowlord"]
[Black "FrenchMonster2002"]
[Result "0-1"]
[WhiteElo "2731"]
[BlackElo "2415"]
[TimeControl "180+2"]
[EndTime "13:06:31 PST"]
[Termination "FrenchMonster2002 won by checkmate"]

1. e4 c5 2. Nf3 d6 3. d4 cxd4 4.
Nxd4 Nf6 5. Nc3 Nc6 6. Bg5 e6 7. Qd2 a6 8. O-O-O Bd7 9. f4 b5 10. Qe1 Nxd4 11. Rxd4 Qb6 12. Rd1 b4 13. Nb1 Be7 14.
Nd2 Bb5 15. Nc4 Qc5 16. Nxd6+ Bxd6 17. e5 Rc8 18. Bxb5+ axb5 19. Qe2 Be7 20. exf6 Bxf6 21. Bxf6 gxf6 22. Kb1 Ke7 23. g4 Rhd8 24. h4 Qc4 25. Qf2 Rd5 26. Rxd5 Qxd5 27. Rd1 Qxd1# 0-1

[Event "*** Titled Tuesday Blitz"]
[Site "Chess.com"]
[Date "2019.11.05"]
[Round "1"]
[White "codapbg94"]
[Black "IgorBjelobrk"]
[Result "0-1"]
[WhiteElo "2158"]
[BlackElo "2556"]
[TimeControl "180+2"]
[EndTime "13:06:32 PST"]
[Termination "IgorBjelobrk won by resignation"]

1. e4 e5 2. Nf3 Nc6 3. Bb5 a6 4. Ba4 Nf6 5. O-O Be7 6. Re1 b5 7. Bb3 d6 8. c3 O-O 9. d4 Bg4 10. d5 Nb8 11. h3 Bd7 12. c4 c6 13. dxc6 Nxc6 14. Nc3 Na5 15. cxb5 axb5 16. Bd5 Rc8 17. Bg5 Nxd5 18. Qxd5 Bxg5 19. Qxd6 Nc4 20. Qd1 Nxb2 21.
Qb3 Nd3 22. Red1 Nc5 23. Qb4 Qf6 24. Nd5 Qh6 25. Nb6 Qxb6 26. Nxg5 f6 27. Nf3 Be6 28.
Rac1 Rc7 29. Rc3 Rfc8 30. Rdc1 Na6 31. Rxc7 Nxb4 32. Rxc8+ Bxc8 33. Rxc8+ Kf7 34. Nh4 g6 0-1

[Event "*** Titled Tuesday Blitz"]
[Site "Chess.com"]
[Date "2019.11.05"]
[Round "1"]
[White "DACF2905"]
[Black "albi1999"]
[Result "0-1"]
[WhiteElo "2193"]
[BlackElo "2590"]
[TimeControl "180+2"]
[EndTime "13:06:35 PST"]
[Termination "albi1999 won by resignation"]

1. e4 e5 2. Nf3 Nc6 3. Bb5 a6 4. Ba4 d6 5. O-O Bd7 6. c3 g6 7. d4 Bg7 8. d5 Nce7 9. Bxd7+ Qxd7 10. Re1 h6 11. Nbd2 f5 12. Qb3 b6 13. c4 Nf6 14.
Qd3 O-O 15. b3 Nh5 16. Nf1 Rae8 17. Ng3 Nf4 18. Qc2 fxe4 19. Nxe4 Nxg2 20. Kxg2 Qg4+ 21. Ng3 Qxf3+ 22. Kg1 Nf5 23. Bb2 h5 24. Qe4 Nxg3 25. Qxf3 Rxf3 26. fxg3 Ref8 27. Rf1 Rxf1+ 28. Rxf1 Rxf1+ 29. Kxf1 Bh6 30. Ke2 Kf7 31. Bc3 Kf6 32. Kf3 Kf5 33. h3 e4+ 34. Ke2 g5 35. Bd2 Bg7 36.
b4 g4 37. h4 Bd4 38. a4 Be5 39. Be1 Bb2 40. Bd2 Ke5 41. Be3 Ba3 42. b5 axb5 43.
cxb5 Bc5 44. Bd2 Kxd5 45. Bg5 Kc4 46. Bd2 d5 47. Bf4 Bd6 48. Ke3 Kb4 49. Kd4 Kxa4 0-1

[Event "*** Titled Tuesday Blitz"]
[Site "Chess.com"]
[Date "2019.11.05"]
[Round "1"]
[White "newauto"]
[Black "GrandGlacier"]
[Result "0-1"]
[WhiteElo "1903"]
[BlackElo "2528"]
[TimeControl "180+2"]
[EndTime "13:06:36 PST"]
[Termination "GrandGlacier won by checkmate"]

1. e4 e5 2. Nf3 Nc6 3. Bb5 Nf6 4. O-O Nxe4 5. d4 Nd6 6. Bxc6 dxc6 7. dxe5 Nf5 8.
Qxd8+ Kxd8 9. Bg5+ Be7 10. Rd1+ Ke8 11. Nc3 h6 12. Bd2 Be6 13. g4 Nh4 14. Nxh4 Bxh4 15. h3 h5 16. f3 Bg3 17. Kg2 Bxe5 18. Re1 Bd6 19. f4 Kd7 20. f5 Bd5+ 21. Nxd5 cxd5 22. Bc3 hxg4 23. Bxg7 Rxh3 24. Be5 c6 25. Bxd6 Kxd6 26. f6 Rah8 27. Re7 Rh2+ 28. Kg3 R8h7 29. Rxb7 Rxc2 30. Re1 Rc4 31. Ree7 Rh3+ 32. Kg2 Rc2+ 33. Kg1 Rd3 34.
Re1 Rdd2 35. b4 g3 36. Rxf7 Rg2+ 37. Kh1 Rh2+ 38. Kg1 Rcg2+ 39. Kf1 Rxa2 40. Rfe7 Rh1# 0-1

[Event "*** Titled Tuesday Blitz"]
[Site "Chess.com"]
[Date "2019.11.05"]
[Round "1"]
[White "przemekpiotrowski"]
[Black "Elshan1985"]
[Result "0-1"]
[WhiteElo "2414"]
[BlackElo "2779"]
[TimeControl "180+2"]
[EndTime "13:06:41 PST"]
[Termination "Elshan1985 won by resignation"]

1. d4 Nf6 2. Nf3 e6 3. g3 b5 4. Bg2 Bb7 5. O-O c5 6. a4 b4 7. c3 Na6 8. cxb4 Nxb4 9. Nc3 Rc8 10. Bf4 a6 11. Rc1 cxd4 12. Nxd4 Bxg2 13. Kxg2 Be7 14.
Nf3 O-O 15. Bd6 Re8 16. e4 Rc6 17. Bxe7 Qxe7 18. e5 Nfd5 19. Ne4 Rec8 20. Rxc6 Rxc6 21. Nd4 Rc7 22. Qh5 Nc2 23. Qd1 Nce3+ 24. fxe3 Nxe3+ 25. Kg1 Nxd1 26. Rxd1 Qb4 27. b3 h6 28. Kf2 Rc1 29. Rd2 Qa5 30. Nf3 Qb6+ 31. Nd4 f5 32. exf6 e5 0-1

[Event "*** Titled Tuesday Blitz"]
[Site "Chess.com"]
[Date "2019.11.05"]
[Round "1"]
[White "Barcelona_Guy"]
[Black "vanyakuba"]
[Result "1-0"]
[WhiteElo "2744"]
[BlackElo "2398"]
[TimeControl "180+2"]
[EndTime "13:06:48 PST"]
[Termination "Barcelona_Guy won by resignation"]

1. d4 d5 2. c4 e6 3. Nf3 c5 4.
cxd5 exd5 5. g3 Nc6 6. Bg2 Nf6 7. O-O Be7 8. dxc5 Bxc5 9. Qc2 Be7 10. Rd1 O-O 11.
Nc3 Be6 12. Bg5 Rc8 13. Rac1 h6 14. Bxf6 Bxf6 15. Qb1 Qd7 16. e4 d4 17. e5 Be7 18.
Ne2 Bf5 19. Qa1 d3 20. Nf4 Rfd8 21. Bf1 Nd4 22. Nxd4 Qxd4 23. Rxc8 Rxc8 24. Bxd3 Bxd3 25. Nxd3 Rc2 26. Qb1 Re2 27. Kf1 Qe4 28. Qc1 Qf3 29. Qf4 Qh5 30. g4 1-0

[Event "*** Titled Tuesday Blitz"]
[Site "Chess.com"]
[Date "2019.11.05"]
[Round "1"]
[White "KhalilMousavi77"]
[Black "Misha_Bilous"]
[Result "1-0"]
[WhiteElo "2888"]
[BlackElo "2487"]
[TimeControl "180+2"]
[EndTime "13:06:52 PST"]
[Termination "KhalilMousavi77 won by resignation"]

1. c4 Nf6 2. Nc3 g6 3. g3 Bg7 4.
Bg2 O-O 5. e3 d6 6. Nge2 e5 7.
O-O c6 8. d4 Nbd7 9. h3 Re8 10.
b3 e4 11. g4 h6 12. Ng3 d5 13. cxd5 cxd5 14. f3 Qc7 15. Nge2 exf3 16. Bxf3 Nb6 17. Bd2 h5 18. Rc1 Qd8 19. gxh5 Bxh3 20. hxg6 Bxf1 21.
gxf7+ Kxf7 22. Qxf1 Rg8 23. Qh3 Qc8 24. Bh5+ Ke7 25.
Nxd5+ Nfxd5 26. Rxc8 Raxc8 27. Bg4 Rc2 28. Qh7 Rxd2 29.
Qxg8 Bf6 30. Qe6+ Kf8 31. Bh5 Kg7 32. Qf7+ Kh8 33. Bg6 Rd1+ 34. Kh2 1-0

[Event "*** Titled Tuesday Blitz"]
[Site "Chess.com"]
[Date "2019.11.05"]
[Round "1"]
[White "vugarrasulov"]
[Black "2nd_life"]
[Result "1-0"]
[WhiteElo "2762"]
[BlackElo "2407"]
[TimeControl "180+2"]
[EndTime "13:06:53 PST"]
[Termination "vugarrasulov won by resignation"]

1. e4 e5 2. Nf3 Nc6 3. Bb5 a6 4.
Ba4 Nf6 5. O-O Be7 6. Re1 b5 7.
Bb3 O-O 8. c3 d6 9. h3 Bb7 10.
d4 Re8 11. Nbd2 Bf8 12. a4 h6 13. Bc2 exd4 14. cxd4 Nb4 15. Bb1 c5 16. d5 Nd7 17.
Nf1 c4 18. Bd2 Nd3 19. Bxd3 cxd3 20. Ng3 g6 21. Bc3 Nc5 22. axb5 axb5 23. Rxa8 Bxa8 24.
b4 Na4 25. Bd4 Nb6 26. Qxd3 Nc4 27. Ra1 Bb7 28. Nd2 Qc7 29. Nxc4 bxc4 30. Qc3 h5 31. f3 Ra8 32. Rxa8 Bxa8 33. b5 Bb7 34. Nf1 Bh6 35. Nd2 Qd7 36. b6 Qb5 37. Qxc4 Qa5 38. Nf1 Qe1 39. Bc3 Qc1 40. Qd4 Kf8 41. Qh8+ Ke7 42.
Bf6+ 1-0

[Event "*** Titled Tuesday Blitz"]
[Site "Chess.com"]
[Date "2019.11.05"]
[Round "1"]
[White "timator"]
[Black "pedroholly22"]
[Result "1-0"]
[WhiteElo "2684"]
[BlackElo "2327"]
[TimeControl "180+2"]
[EndTime "13:06:56 PST"]
[Termination "timator won by resignation"]

1. Nf3 Nf6 2. g3 g6 3. Bg2 Bg7 4. O-O O-O 5. d4 d6 6. b3 c6 7. Bd2 a5 8. a4 Na6 9. Qe1 b6 10. Na3 Bb7 11. e4 c5 12. d5 Nb4 13. c4 e6 14.
Bxb4 axb4 15. Nb5 exd5 16. exd5 Re8 17. Qd1 Ne4 18. Ra2 Bc8 19. h3 h5 20. Re2 Nc3 21.
Nxc3 bxc3 22. Rxe8+ Qxe8 23. Ng5 Bf5 24. Re1 c2 25.
Rxe8+ Rxe8 26. Qc1 Bb2 27. Qxb2 Re1+ 28. Kh2 c1=Q 29.
Qf6 Qxg5 30. Qxg5 Kg7 31. Qd8 Rb1 32. Qxd6 Rxb3 33. Qe5+ Kf8 34. d6 Kg8 35. Bd5 1-0

[Event "*** Titled Tuesday Blitz"]
[Site "Chess.com"]
[Date "2019.11.05"]
[Round "1"]
[White "rasmussvane"]
[Black "PotapovaM"]
[Result "1-0"]
[WhiteElo "2829"]
[BlackElo "2442"]
[TimeControl "180+2"]
[EndTime "13:06:57 PST"]
[Termination "rasmussvane won by checkmate"]

1. Nf3 Nf6 2. g3 b5 3. Bg2 Bb7 4. Na3 b4 5. Nc4 a5 6. d3 e6 7. O-O Be7 8. a3 bxa3 9. b3 O-O 10. Bxa3 Nc6 11. Qd2 Bb4 12. Bxb4 axb4 13. e4 d6 14. h3 e5 15. Nh4 g6 16. Rxa8 Bxa8 17. Ne3 Bb7 18.
Nd5 Nxd5 19. exd5 Ne7 20. Qxb4 Bxd5 21. Nf3 f6 22. Re1 Bf7 23. d4 Nd5 24. Qd2 Ne7 25.
h4 Kg7 26. c4 Qb8 27. Qc3 Qa7 28. dxe5 dxe5 29. Nxe5 fxe5 30. Rxe5 Kg8 31. Rxe7 Be6 32. Qg7# 1-0

[Event "*** Titled Tuesday Blitz"]
[Site "Chess.com"]
[Date "2019.11.05"]
[Round "1"]
[White "Oligan22"]
[Black "BlueWizzard"]
[Result "0-1"]
[WhiteElo "2466"]
[BlackElo "2852"]
[TimeControl "180+2"]
[EndTime "13:07:00 PST"]
[Termination "BlueWizzard won by resignation"]

1. e4 a6 2. d4 d6 3. Nf3 b5 4.
Bd3 Bb7 5. O-O e6 6. a4 b4 7. c3 c5 8. cxb4 cxb4 9. Nbd2 Nf6 10. Re1 Be7 11. a5 O-O 12. Nc4 Nbd7 13. e5 dxe5 14. dxe5 Nd5 15. Ne3 Nc5 16. Bc4 Nf4 17. Ng4 Nfd3 18.
Re3 Nxc1 19. Qxd8 Rfxd8 20. Rxc1 h5 21. Nf6+ gxf6 22. exf6 Bxf6 23. Bf1 Rac8 24. h4 Bxb2 25. Rb1 Bc3 26. Ng5 Rd4 27. g3 Rcd8 28. Be2 Ne4 29. Bxh5 Nxg5 30. hxg5 Kg7 31. Be2 Rh8 32. f4 Rd2 0-1

[Event "*** Titled Tuesday Blitz"]
[Site "Chess.com"]
[Date "2019.11.05"]
[Round "1"]
[White "TregubovP"]
[Black "DonBroca"]
[Result "1-0"]
[WhiteElo "2541"]
[BlackElo "2006"]
[TimeControl "180+2"]
[EndTime "13:07:03 PST"]
[Termination "TregubovP won by resignation"]

1. e4 c5 2. Nf3 d6 3. c3 Nf6 4.
Be2 g6 5. O-O Bg7 6. Bb5+ Nc6 7.
d4 O-O 8. d5 Na5 9. Re1 a6 10.
Bf1 b5 11. Bf4 Nd7 12. Nbd2 c4 13. Rc1 Bb7 14. b4 cxb3 15. axb3 Rc8 16. b4 Nc4 17. Nxc4 bxc4 18. Nd2 Nb6 19. Be3 Nxd5 20. exd5 Bxd5 21. Nf3 e6 22. Bd4 e5 23. Be3 Be6 24. Ra1 Ra8 25.
Ng5 Qd7 26. Nxe6 Qxe6 27. g3 d5 28. Bg2 Rfd8 29. Ra5 d4 30. Bxa8 1-0

[Event "*** Titled Tuesday Blitz"]
[Site "Chess.com"]
[Date "2019.11.05"]
[Round "1"]
[White "DonPreuss"]
[Black "Kimster98"]
[Result "0-1"]
[WhiteElo "2124"]
[BlackElo "2555"]
[TimeControl "180+2"]
[EndTime "13:07:04 PST"]
[Termination "Kimster98 won by resignation"]

1. d4 Nf6 2. Nc3 d5 3. e4 dxe4 4. f3 exf3 5. Nxf3 Bg4 6. h3 Bxf3 7. Qxf3 c6 8. Qf2 e6 9. Bd3 Nbd7 10. O-O Be7 11.
Qg3 O-O 12. Qh4 g6 13. Bg5 Nd5 14. Ne4 f5 15. Bxe7 Qxe7 16. Ng5 N7f6 17. Rae1 Nc7 18.
Re5 Nd7 19. Re2 Rae8 20. Rfe1 Rf6 21. c4 c5 22. d5 e5 23. Rxe5 Nxe5 24. Rxe5 Qg7 25.
Rxe8+ Nxe8 26. Ne6 Rxe6 27. dxe6 Qd4+ 28. Kh2 Qxh4 0-1

[Event "*** Titled Tuesday Blitz"]
[Site "Chess.com"]
[Date "2019.11.05"]
[Round "1"]
[White "RiskyDecision"]
[Black "Zhuu96"]
[Result "0-1"]
[WhiteElo "2509"]
[BlackElo "2973"]
[TimeControl "180+2"]
[EndTime "13:07:08 PST"]
[Termination "Zhuu96 won by resignation"]

1. d4 Nf6 2. c4 c5 3. d5 e6 4.
Nc3 exd5 5. cxd5 Bd6 6. Nf3 O-O 7. g3 Re8 8. Bg2 Bf8 9. O-O d6 10. Re1 a6 11. a4 Bg4 12. Nd2 Nbd7 13. h3 Bh5 14. g4 Bg6 15. f4 h6 16. e4 Qb8 17. Nc4 b5 18. axb5 axb5 19. Rxa8 Qxa8 20. Nxb5 Qa6 21. Nbxd6 Bxd6 22. Nxd6 Qxd6 23. e5 Nxe5 24. fxe5 Rxe5 25. Rxe5 Qxe5 26. d6 Qe6 27. Bc6 Nd7 28.
Bf4 Be4 29. Bxd7 Qxd7 30. Qe1 Bb7 31. Qd2 h5 32. Kf2 hxg4 33. hxg4 Bc6 34. Kg3 Qe6 35. Qe3 Qd5 36. g5 Qg2+ 37. Kh4 Bd7 38. Qg3 Qh1+ 39.
Qh2 Qd1 40. Qg3 g6 41. Qg2 Qh5+ 42. Kg3 Qg4+ 0-1

[Event "*** Titled Tuesday Blitz"]
[Site "Chess.com"]
[Date "2019.11.05"]
[Round "1"]
[White "tango_argentino"]
[Black "DinaBelenkaya"]
[Result "1-0"]
[WhiteElo "2648"]
[BlackElo "2295"]
[TimeControl "180+2"]
[EndTime "13:07:08 PST"]
[Termination "tango_argentino won by resignation"]

1. d4 d5 2. c4 dxc4 3. e4 Nf6 4.
e5 Nd5 5. Bxc4 Bf5 6. Qb3 c6 7.
Qxb7 Nb6 8. e6 fxe6 9. Bb3 Qxd4 10. Nf3 Qd7 11. Qxd7+ N8xd7 12. Nc3 e5 13. Be3 e6 14. O-O-O Bg4 15. Ng5 Bxd1 16. Rxd1 Nd5 17. Nxe6 Kf7 18. Ng5+ Ke8 19. Nxd5 cxd5 20. Rxd5 Rc8+ 21. Kb1 h6 22. Ba4 Rc7 23. Ne6 Rb7 24. Bc5 Be7 25. b4 g6 26.
a3 Rh7 27. Bxe7 Kxe7 28. Bxd7 Rxd7 29. Rxd7+ Kxd7 30. Nf8+ Ke7 31. Nxh7 Kf7 32. h4 Kg7 33. Ng5 hxg5 34. hxg5 Kf7 35. Kc2 Ke6 36. Kd3 Kf5 37. b5 Kxg5 38. a4 Kf5 39. a5 Ke6 40. b6 axb6 41. a6 Kd6 42. a7 Kc7 43. a8=Q Kd6 44.
Qg8 1-0

[Event "*** Titled Tuesday Blitz"]
[Site "Chess.com"]
[Date "2019.11.05"]
[Round "1"]
[White "isla88"]
[Black "vovachesss"]
[Result "0-1"]
[WhiteElo "2174"]
[BlackElo "2569"]
[TimeControl "180+2"]
[EndTime "13:07:08 PST"]
[Termination "vovachesss won by resignation"]

1. b3 d6 2. Bb2 Nf6 3. e3 g6 4. Bxf6 exf6 5. c4 Bg7 6. Nc3 f5 7. Rc1 O-O 8. Nge2 c5 9. g3 Nc6 10. Bg2 h5 11. h4 Bd7 12. O-O a6 13. d4 cxd4 14. exd4 Re8 15. Re1 Qa5 16. Nd5 Nxd4 17. b4 Qxa2 18. Nxd4 Rxe1+ 19. Qxe1 Bxd4 20. Ne7+ Kg7 21. Rd1 Qb2 22. c5 dxc5 23. bxc5 Re8 24. c6 Bxc6 25. Bxc6 bxc6 26. Nxf5+ gxf5 27. Qxe8 Qxf2+ 28. Kh1 Qf3+ 29. Kh2 Qxd1 30. Qe7 Qg1+ 0-1

[Event "*** Titled Tuesday Blitz"]
[Site "Chess.com"]
[Date "2019.11.05"]
[Round "1"]
[White "Pilopa"]
[Black "chanchakman"]
[Result "1-0"]
[WhiteElo "2563"]
[BlackElo "2158"]
[TimeControl "180+2"]
[EndTime "13:07:11 PST"]
[Termination "Pilopa won by resignation"]

1. d4 Nf6 2. c4 g6 3. Nc3 Bg7 4. e4 d6 5. Nf3 O-O 6. Be2 e5 7.
O-O Nc6 8. dxe5 dxe5 9. Bg5 Qxd1 10. Rfxd1 h6 11. Be3 b6 12. Rac1 Bb7 13. a3 Ng4 14.
Nd5 Nxe3 15. fxe3 Rac8 16. c5 Kh7 17. Bb5 Nb8 18. c6 Ba6 19. Bxa6 Nxa6 20. b4 f5 21. Nd2 Rcd8 22. Nb3 Rf7 23. b5 Nc5 24. Nxc5 bxc5 25. a4 fxe4 26. Rxc5 h5 27. Rc4 Rd6 28. Rxe4 a6 29.
Rc4 axb5 30. axb5 Rf8 31. e4 Rb8 32. Rb1 Rc8 33. b6 cxb6 34. Rxb6 Bh6 35. Rb7+ Kh8 36. c7 Bg5 37. Rb8 1-0

[Event "*** Titled Tuesday Blitz"]
[Site "Chess.com"]
[Date "2019.11.05"]
[Round "1"]
[White "amiralfio"]
[Black "jlucasvf"]
[Result "0-1"]
[WhiteElo "2426"]
[BlackElo "2795"]
[TimeControl "180+2"]
[EndTime "13:07:12 PST"]
[Termination "jlucasvf won by checkmate"]

1. Nf3 d5 2. c4 b5 3. cxb5 a6 4. e3 axb5 5. Bxb5+ c6 6. Be2 Nd7 7. b3 e5 8. Bb2 Bd6 9. Qc2 Bb7 10. Nc3 Ngf6 11.
g4 h6 12. Rg1 e4 13. Nd4 Bxh2 14. Rg2 Be5 15. O-O-O c5 16. Nf5 d4 17. Nb5 d3 18. Qc4 Bd5 19. Bxd3 Bxb2+ 20. Kxb2 Bxc4 21. Bxc4 Ne5 22. Nfd6+ Ke7 23. g5 hxg5 24. Rxg5 Nxc4+ 25. Nxc4 g6 26. Rxc5 Rc8 27. Re5+ Kf8 28. Nbd6 Rc6 29.
Nxe4 Nxe4 30. Rxe4 Qf6+ 31. Rd4 Rh4 32. Kc3 Rxd4 33.
exd4 Qxf2 34. Rc1 g5 35. d5 Rf6 36. d6 Rxd6 37. Nxd6 Qf6+ 38. d4 Qxd6 39. Kd3 g4 40.
Rg1 Qf4 41. Ke2 Qe4+ 42. Kf2 Qxd4+ 43. Kg2 f5 44. Rf1 Qe4+ 45. Kg3 Kg7 46. a4 Qe5+ 47. Kh4 Kg6 48. Rf2 Qe3 49. Rh2 Qe1+ 50. Rf2 Qxf2# 0-1

[Event "*** Titled Tuesday Blitz"]
[Site "Chess.com"]
[Date "2019.11.05"]
[Round "1"]
[White "GadimbayliA"]
[Black "WPWPWP-2015"]
[Result "1-0"]
[WhiteElo "2920"]
[BlackElo "2492"]
[TimeControl "180+2"]
[EndTime "13:07:14 PST"]
[Termination "GadimbayliA won on time"]

1. e4 e5 2. Nf3 Nc6 3. Bb5 Nf6 4. O-O Nxe4 5. d4 Nd6 6. dxe5 Nxb5 7. a4 Nbd4 8. Nxd4 Nxd4 9. Qxd4 d5 10. Qd3 Be7 11. Qg3 g6 12. Bh6 Be6 13. Nc3 Qd7 14. Rfd1 a6 15.
Nxd5 Bxd5 16. c4 c6 17. cxd5 cxd5 18. Rac1 Rd8 19. b3 Qe6 20. Rc7 b5 21. axb5 axb5 22. Qd3 Qb6 23. Rdc1 d4 24. h3 Rd7 25. Rc8+ Rd8 26.
Rxd8+ Bxd8 27. Qe4 Qe6 28. Rc6 Qf5 29. Qxd4 Be7 30. e6 Qb1+ 31. Kh2 1-0

[Event "*** Titled Tuesday Blitz"]
[Site "Chess.com"]
[Date "2019.11.05"]
[Round "1"]
[White "Nazar-Nazar"]
[Black "joppie2"]
[Result "0-1"]
[WhiteElo "2490"]
[BlackElo "2889"]
[TimeControl "180+2"]
[EndTime "13:07:15 PST"]
[Termination "joppie2 won by resignation"]

1. d4 Nf6 2. Nf3 e6 3. c4 d5 4. g3 Bb4+ 5. Bd2 Be7 6. Bg2 O-O 7.
O-O c6 8. Qc2 Nbd7 9. Bf4 b6 10.
cxd5 cxd5 11. Rc1 Bb7 12. Nc3 a6 13. Qb3 Rc8 14. Ne5 Nxe5 15. Bxe5 Nd7 16. Bf4 b5 17. e4 dxe4 18. Nxe4 Bd5 19. Qd1 Rxc1 20. Rxc1 Nf6 21. Nc5 Bxg2 22. Kxg2 Nd5 23. Bd2 Bf6 24. Be1 Qa8 25.
Kg1 Rd8 26. a4 h6 27. axb5 axb5 28. Ra1 Qc8 29. Qd3 Nc7 30. Nb3 Qb7 31. Ba5 Rd7 32.
Bxc7 Rxc7 33. Ra5 Rc4 34. Ra1 g6 35. Na5 Qa6 36. Nb3 Qd6 37. Rd1 Qd5 38. h4 h5 39. Rd2 Rb4 40. Nc5 Rxd4 0-1

[Event "*** Titled Tuesday Blitz"]
[Site "Chess.com"]
[Date "2019.11.05"]
[Round "1"]
[White "SerGo055"]
[Black "Indianlad"]
[Result "0-1"]
[WhiteElo "2521"]
[BlackElo "3025"]
[TimeControl "180+2"]
[EndTime "13:07:18 PST"]
[Termination "Indianlad won by resignation"]

1. d4 d5 2. Nf3 Bf5 3. Bf4 e6 4. e3 Nf6 5. Bd3 Bg6 6. O-O Bd6 7. Bg3 O-O 8. c4 dxc4 9. Bxc4 Nc6 10. Nc3 a6 11.
Rc1 Bxg3 12. hxg3 Qd6 13. Nh4 Rad8 14. Nxg6 hxg6 15. Qb3 b5 16. Be2 e5 17. dxe5 Nxe5 18.
Rfd1 Qe7 19. Nd5 Nxd5 20. Rxd5 c6 21. Rxd8 Rxd8 22. Qc3 g5 23. Bf3 g4 24. Be4 g6 25.
Qc5 Qf6 26. Qc3 Qe7 27. Qc5 Rd1+ 28. Kh2 Qg5 29. Rxd1 Nf3+ 30. Bxf3 Qxc5 31. Bxg4 Qc2 32. b4 Qxf2 33. a3 Qxe3 34. Rd6 Qxa3 35. Rxc6 Qxb4 36. Rxa6 Qxg4 0-1